 Dungeon Crawl Stone Soup version 0.28-a0-239-g68911e0c57 (webtiles) character file.

Game seed: 14134581864351560362

72 Colgate the Chopper (level 3, -6/30 HPs)
             Began as a Demigod Fighter on Aug 23, 2021.
             Mangled by a gnoll (7 damage)
             ... on level 2 of the Dungeon.
             The game lasted 00:00:57 (1584 turns).

Colgate the Chopper (Demigod Fighter)               Turns: 1584, Time: 00:00:58

Health: -6/30      AC: 11    Str: 21    XL:     3   Next: 80%
Magic:  5/5        EV:  5    Int: 10    God:
Gold:   27         SH:  9    Dex: 16    Spells: 2/2 levels left

rFire   . . .      SeeInvis .   Y - +0 war axe
rCold   . . .      Faith    .   c - +0 kite shield
rNeg    . . .      Spirit   .   k - +0 chain mail
rPois   .          Reflect  .   (no helmet)
rElec   .          Harm     .   (no cloak)
rCorr   .          Rampage  .   f - +1 pair of gloves {Dex+3}
Will    .....                   (no boots)
Stlth   ..........              (no amulet)
HPRegen 0.10/turn               (no ring)
MPRegen 0.09/turn               (no ring)

@: no status effects
A: high mp 1, forlorn
a: no special abilities


You were on level 2 of the Dungeon.
You visited 1 branch of the dungeon, and saw 2 of its levels.

You collected 27 gold pieces.


Innate Abilities, Weirdness & Mutations

Your attributes grow dramatically as you level up.
You have an increased reservoir of magic. (+10% MP)
You shall have no god before yourself.


   Skills:
 - Level 2.6 Fighting
 + Level 3.7 Axes
 - Level 2.6 Armour
 - Level 1.0 Dodging
 - Level 2.6 Shields


You had 2 spell levels left.
You didn't know any spells.
Your spell library was empty.

Inventory:

Hand Weapons
 a - a +0 flail
 Y - a +0 war axe (weapon)
Armour
 c - a +0 kite shield (worn)
 f - a +1 pair of gloves of dexterity (worn)
 k - a +0 chain mail (worn)
Scrolls
 h - a scroll of identify
Potions
 d - a potion of might
 e - a potion of curing

Dungeon Overview and Level Annotations

Branches:
Dungeon (2/15)

Shops:
D:2 =


Message History

The gnoll is severely wounded.
You slash the adder!
You kill the adder!
You feel very sick. The gnoll barely misses you.
You block the gnoll's attack. x2
The gnoll hits you but does no damage.
You closely miss the gnoll.
The gnoll is severely wounded.
You feel sick. The gnoll hits you but does no damage.
You block the gnoll's attack. The gnoll hits you but does no damage.
You slash the gnoll!
You kill the gnoll!
You feel sick. You block the gnoll's attack.
You feel sick.
You are no longer poisoned.
The gnoll shouts!
You hear a shout! x3
You block the gnoll's attack. The gnoll hits you but does no damage.
Things that are here:
a +0 whip; a gnoll corpse You closely miss the gnoll.
Your shield prevents you from hitting the gnoll.
The gnoll hits you but does no damage.
The gnoll hits you with a +1 vampiric spear.
A goblin comes into view. It is wielding a +0 club.
A hobgoblin comes into view.
The gnoll hits you with a +0 halberd.
The gnoll hits you with a +1 vampiric spear!
The hobgoblin shouts!
You hit the gnoll.
The gnoll is lightly wounded.
You closely miss the gnoll.
The gnoll hits you but does no damage. x2
A goblin comes into view. It is wielding a +0 dagger.
You slash the gnoll!
The gnoll is severely wounded.
You barely miss the gnoll.
A goblin comes into view. It is wielding a +0 dagger.
The gnoll barely misses you.
The gnoll hits you with a +1 vampiric spear!
You die...

#.# gg.###
#.# #...#.
#.# #g.:. #
#.# #...# .#
#.# ....##.#
#.# #g..#.#
#.# #gg..#
#.#
#..#####@.(#
#.#
#....%..#.#
#%#
######..#.#
#.# #.##.#
#.# #..#.#
#.# ##.#.#
#.# #.).#
#.#
##..#####.#
#.>......#


You could see 2 gnolls, a hobgoblin and 3 goblins.

Vanquished Creatures
  2 gnolls (D:2)
  An adder (D:2)
  A dart slug (D:1)
  6 ball pythons
  4 bats
  2 endoplasms (D:1)
  A giant cockroach (D:1)
  6 hobgoblins
  4 jackals (D:1)
  A frilled lizard (D:1)
  2 goblins
  6 kobolds
  5 rats
41 creatures vanquished.

Vanquished Creatures (others)
  10 plants (D:1)
10 creatures vanquished.

Grand Total: 51 creatures vanquished

Notes
Turn   | Place    | Note
-------+----------+-------------------------------------------
     0 | D:1      | Colgate the Demigod Fighter began the quest for the Orb.
     0 | D:1      | Reached XP level 1. HP: 18/18 MP: 3/3
     0 | D:1      | 0 ||| counter = 15
    53 | D:1      | Reached skill level 2 in Axes
   599 | D:1      | Reached XP level 2. HP: 25/25 MP: 4/4
   887 | D:1      | Reached skill level 3 in Axes
  1263 | D:1      | 1263 ||| DROPPING +0 club.
  1282 | D:1      | 1282 ||| UPGRADING to +1 pair of gloves of dexterity.
  1287 | D:1      | 1287 ||| UPGRADING to +0 chain mail.
  1297 | D:1      | 1297 ||| DROPPING +0 scale mail.
  1298 | D:1      | 1298 ||| READING scroll labelled TILOSO VUU.
  1302 | D:1      | 1302 ||| READING 2 scrolls labelled FUTHRU XULO.
  1303 | D:1      | 1303 ||| READING scroll labelled LARPHU COSASEU.
  1304 | D:1      | 1304 ||| DRINKING 2 white potions.
  1383 | D:2      | Reached XP level 3. HP: 30/30 MP: 5/5
  1406 | D:2      | Reached skill level 1 in Dodging
  1462 | D:2      | Found Furudo's Jewellery Shoppe.
  1471 | D:2      | 1471 ||| SHOPLISTING amulet of reflection (360 gold, have
                  | 27).
  1471 | D:2      | 1471 ||| SHOPLISTING amulet of regeneration (360 gold, have
                  | 27).
  1471 | D:2      | 1471 ||| SHOPLISTING ring of protection from fire (300
                  | gold, have 27).
  1559 | D:2      | 1559 ||| DROPPING +0 whip.
  1582 | D:2      | HP: 1/30 [gnoll (7)]
  1584 | D:2      | Mangled by a gnoll

Levels and vault maps discovered:
D:1:      minmay_arrival_shattered_statue, layout_basic,
          hellmonk_ecumenical_altar_blasted, lexackson_kobold_supper
D:2:      layout_basic, serial_shops, shop, minmay_circle_x

Skill      XL: |  1  2  3 |
---------------+----------+-----
Axes           | 2 3 |  3.7
Dodging        | 1 |  1.0
Fighting       | |  2.6
Armour         | |  2.6
Shields        | |  2.6

Action                   || total
-------------------------++-------
Melee: War axe           ||   141
  Use: Scroll            ||     3
       Potion            ||     1
Armor: Scale mail        ||    45
       Chain mail        ||    33
Dodge: Dodged            ||    43
Block: Kite shield       ||    79

Table legend:
 A = Non-vault XP
 B = Vault XP
 C = Vault XP percentage of total XP
 D = Non-vault monster count
 E = Vault monster count
 F = Vault count percentage of total count
                 A         B        C        D         E       F
            +---------+---------+-------+---------+---------+-------
      Total |      90 |      13 |  12.6 |      31 |      10 |  24.4
            +---------+---------+-------+---------+---------+-------
        D:1 |      36 |      10 |  21.7 |      19 |       8 |  29.6
        D:2 |      54 |       3 |   5.3 |      12 |       2 |  14.3
            +---------+---------+-------+---------+---------+-------
